 Dungeon Crawl Stone Soup version 0.17-a0-2171-ga91b4ec (webtiles) character file.

21 M4edhros the Charlatan (level 2, -1/18 HPs)
             Began as an Octopode Artificer on Oct 25, 2015.
             Slain by Ijyb
             ... wielding a +0 dagger
              (2 damage)
             ... on level 2 of the Dungeon.
             The game lasted 00:00:56 (442 turns).

M4edhros the Charlatan (Octopode Artificer)          Turns: 442, Time: 00:00:57

Health: -1/18      AC:  1    Str: 10      XL:     2   Next: 83%
Magic:  4/4        EV: 17    Int: 14      God:
Gold:   25         SH:  0    Dex: 14 (17) Spells: 0 memorised, 1 level left

rFire  . . .     SeeInvis .     k - +0 spear
rCold  . . .     Clarity  .     (no shield)
rNeg   . . .     SustAt   .     (helmet restricted)
rPois  .         Gourm    .     (no amulet)
rElec  .         Spirit   .     (no ring)
rCorr  .         Warding  .     (no ring)
rMut   .         Stasis   .     (no ring)
MR     .....                    (no ring)
Stlth  ++++......               (no ring)
                                (no ring)
                                (no ring)
                                (no ring)

@: agile, not resistant to hostile enchantments, stealthy
A: almost no armour, amphibious, 8 rings, constrict 8, camouflage 1, mutation
resistance 1, gelatinous body 1
a: no special abilities


You were on level 2 of the Dungeon.
You were not hungry.

You visited 1 branch of the dungeon, and saw 2 of its levels.

You collected 25 gold pieces.

Inventory:

Hand Weapons
 a - a +0 short sword
 k - a +0 spear (weapon)
Wands
 b - a wand of flame (14)
 c - a wand of enslavement (14)
 d - a wand of random effects (15)
Scrolls
 f - a scroll of remove curse {unknown}
 i - a scroll of magic mapping {unknown}
Potions
 j - a potion of agility
Comestibles
 e - a bread ration


   Skills:
 - Level 1.0 Fighting
 - Level 1.0 Short Blades
 - Level 2.0 Dodging
 + Level 3.1 Stealth
 + Level 3.7 Evocations


You had one spell level left.
You didn't know any spells.

Dungeon Overview and Level Annotations

Branches:
Dungeon (2/15)

Altars:

Annotations:
D:2 Ijyb


Innate Abilities, Weirdness & Mutations

You cannot wear most types of armour.
You are amphibious.
You can wear up to eight rings at the same time.
You can use your tentacles to constrict eight enemies at once.
Your skin changes colour to match your surroundings (Stealth).
Your rubbery body absorbs attacks (AC +1).
You are somewhat resistant to further mutation.


Message History

It was a potion of agility.
You feel agile all of a sudden.
Ijyb screams, "Level is mine!
All mine!"
Ijyb closely misses you. The giant gecko bites you.
* * * LOW HITPOINT WARNING * * *
Drink which item? (? for menu, Esc to quit)
It was a potion of mutation.
You feel extremely strange.
You feel genetically stable. Ijyb completely misses you.
The giant gecko bites you.
* * * LOW HITPOINT WARNING * * *
Drink which item? (? for menu, Esc to quit)
It was a potion of degeneration.
There was something very wrong with that liquid.
You feel clumsy. Ijyb closely misses you. The giant gecko barely misses you.
You barely miss the giant gecko. You grab the giant gecko.
You constrict the giant gecko.
The giant gecko bites you but does no damage.
Ijyb hits you with a dagger.
You die...

.. #..
#..########
#..#......##
#..........##
#.!...<....#
#..........#
#..........#
#.).@......#
#...lg.....#
##........##
#..........#
#..........#
#..........#
#..........#
#..........#


You could see Ijyb and a giant gecko.

Vanquished Creatures
  A giant gecko (D:1)
  5 bats (D:1)
  A goblin (D:1)
  4 hobgoblins (D:1)
  A giant newt (D:1)
  2 kobolds
  2 rats (D:1)
16 creatures vanquished.

Vanquished Creatures (collateral kills)
  A goblin (D:1)
  A hobgoblin (D:1)
2 creatures vanquished.

Vanquished Creatures (others)
  A ball python (D:1)
1 creature vanquished.

Grand Total: 19 creatures vanquished

Notes
Turn   | Place    | Note
--------------------------------------------------------------
     0 | D:1      | M4edhros the Octopode Artificer began the quest for the Orb.
     0 | D:1      | Reached XP level 1. HP: 13/13 MP: 3/3
   173 | D:1      | Reached XP level 2. HP: 16/18 MP: 4/4
   432 | D:2      | Noticed Ijyb
   440 | D:2      | Gained mutation: You are somewhat resistant to further mutation. [potion of mutation]
   442 | D:2      | Slain by Ijyb

Vault maps used:
D:1:      dpeg_arrival_rhombus
D:2:      fiery_altar_vehumet, uniq_iyjb

Action                   || total
-------------------------++-------
Melee: Short sword       ||    33
       Spear             ||     9
Evoke: Wand              ||     2
  Use: Potion            ||     3
 Stab: Sleeping          ||     4
